[Event "Late-Titled-Tuesday-Blitz-October-03-2023"]
[Site "Chess.com"]
[Date "2023.10.03"]
[Round "9"]
[White "Ducke13"]
[Black "tomozupan"]
[Result "1-0"]
[WhiteElo "2482"]
[BlackElo "2253"]
[TimeControl "180+1"]
[EndTime "15:40:50 PDT"]
[Termination "Ducke13 won on time"]

1. d4 Nf6 2. g3 g6 3. Bg2 d5 4. c4 Bg7 5. Nf3 O-O 6. cxd5 Nxd5 7. O-O Nc6 8. e4 Nb6 9. d5 Na5 10. Qe1 Nac4 11. Nc3 c6 12. b3 Nd6 13. Bg5 h6 14. Bf4 cxd5 15. Nxd5 Nxd5 16. exd5 Bxa1 17. Qxa1 Kh7 18.
Re1 Bd7 19. h4 f6 20. Qc1 Rc8 21. Qd2 g5 22. hxg5 hxg5 23. Bxg5 fxg5 24. Nxg5+ Kg7 25.
Ne6+ Bxe6 26. Rxe6 Rf6 27. Qg5+ Kf7 28. Qh5+ Kg7 29. Qg5+ Kf8 30. Bh3 Nf7 31. Qh5 Rc5 32.
Rxf6 exf6 33. Be6 Qc7 34. Qg6 Rc1+ 35. Kg2 Qe7 36. Qh5 Re1 37. Qg4 a6 38. Qc4 1-0

[Event "Late-Titled-Tuesday-Blitz-October-03-2023"]
[Site "Chess.com"]
[Date "2023.10.03"]
[Round "9"]
[White "Defenstrator"]
[Black "Saraisitave"]
[Result "0-1"]
[WhiteElo "2415"]
[BlackElo "2324"]
[TimeControl "180+1"]
[EndTime "15:40:50 PDT"]
[Termination "Saraisitave won on time"]

1. Nh3 d5 2. g3 e5 3. f4 e4 4. d3 Qe7 5. c4 Bf5 6. cxd5 exd3 7. Nf2 Nd7 8. Nxd3 Be4 9. Rg1 Bxd5 10. Nc3 Bc6 11. Bg2 Bxg2 12. Rxg2 Ngf6 13. e4 O-O-O 14. Qa4 Nb6 15. Qb5 a6 16. Qf5+ Kb8 17. e5 Nbd5 18. Nxd5 Nxd5 19. Bd2 f6 20. O-O-O fxe5 21. Nxe5 g6 22.
Qc2 Bg7 23. Re2 Qd6 24. Nf7 Qf6 25. Nxh8 Bxh8 26. Re4 Qb6 27. Rde1 c6 28. Re8 Bf6 29. Rxd8+ Qxd8 30. f5 Qb6 31. fxg6 hxg6 32. Bc3 Bxc3 33. bxc3 Qc5 34. c4 Qa3+ 0-1

[Event "Late-Titled-Tuesday-Blitz-October-03-2023"]
[Site "Chess.com"]
[Date "2023.10.03"]
[Round "9"]
[White "dorpato"]
[Black "FM_Kappeler"]
[Result "1-0"]
[WhiteElo "2064"]
[BlackElo "2222"]
[TimeControl "180+1"]
[EndTime "15:40:50 PDT"]
[Termination "dorpato won by checkmate"]

1. e4 c5 2. Nc3 Nc6 3. g3 g6 4. Bg2 Bg7 5. d3 d6 6. Be3 e6 7.
Qd2 Nd4 8. Nf3 Ne7 9. Rb1 O-O 10.
O-O Nec6 11. Ne2 Nxf3+ 12. Bxf3 b6 13. Bh6 Bb7 14. Bg2 Rc8 15. Bxg7 Kxg7 16. f4 Ne7 17. g4 f5 18. exf5 Bxg2 19. Kxg2 gxf5 20. g5 Qd7 21.
Qe3 Ng6 22. Ng3 e5 23. Nh5+ Kh8 24. Nf6 Qc6+ 25. Kg1 Nxf4 26. Rxf4 exf4 27. Qh3 Rc7 28. Qh6 Rg7 29. Nxh7 Kg8 30. Nf6+ Kf7 31. Re1 Qf3 32. Nh7 Kg8 33. Nxf8 Kxf8 34. Qf6+ Kg8 35. Re8+ Kh7 36.
Qh6# 1-0

[Event "Late-Titled-Tuesday-Blitz-October-03-2023"]
[Site "Chess.com"]
[Date "2023.10.03"]
[Round "9"]
[White "dretch"]
[Black "Beca95"]
[Result "0-1"]
[WhiteElo "2842"]
[BlackElo "3008"]
[TimeControl "180+1"]
[EndTime "15:40:52 PDT"]
[Termination "Beca95 won by checkmate"]

1. d4 Nf6 2. c4 c5 3. d5 e6 4. Nc3 exd5 5. cxd5 d6 6. e4 g6 7. h3 Bg7 8. Nf3 O-O 9. Bd3 Re8 10. O-O Nbd7 11. Re1 Ne5 12. Nxe5 Rxe5 13. Bf4 Nh5 14. Bh2 Qh4 15. Qf3 Rg5 16. Bxd6 Bxh3 17. g3 Bd4 18. Kh2 Nxg3 19. Bxg3 Qh6 20. Kg1 Bg4 21. Qg2 Bh3 22.
Qh2 Rh5 23. Be2 Bg4 24. Qg2 Bh3 25. Qf3 f5 26. Bf4 Rg5+ 27. Bxg5 Qxg5+ 28. Kh2 Be5+ 29. Kxh3 Rf8 30. Rg1 Qh6+ 31. Kg2 fxe4 32. Qe3 Qh2+ 33. Kf1 Bd4 34. Qg3 Rxf2+ 35. Ke1 Bxc3+ 36. bxc3 Rxe2+ 37. Kf1 Qh5 38. Qb8+ Kg7 39. Qc7+ Kg8 40. Qb8+ Kg7 41. Qe5+ Qxe5 42. Kxe2 Qxd5 43. Rgd1 Qc4+ 44. Ke3 h5 45. Rd7+ Kh6 46. Rad1 Qxc3+ 47. Kxe4 Qc2+ 48. Ke5 Qxa2 49. Kd6 c4 50. Ke7 c3 51. Rc7 Qe2+ 52. Kf6 Qf3+ 53. Ke7 Qxd1 54. Kf7 Qf3+ 55. Kg8 Qd5+ 56. Kh8 Qd8# 0-1

[Event "Late-Titled-Tuesday-Blitz-October-03-2023"]
[Site "Chess.com"]
[Date "2023.10.03"]
[Round "9"]
[White "as9killer2"]
[Black "alexrustemov"]
[Result "0-1"]
[WhiteElo "2523"]
[BlackElo "2825"]
[TimeControl "180+1"]
[EndTime "15:40:53 PDT"]
[Termination "alexrustemov won on time"]

1. c4 c5 2. Nc3 g6 3. g3 Bg7 4.
Bg2 Nc6 5. a3 b6 6. Rb1 Bxc3 7.
bxc3 Bb7 8. d3 d6 9. e4 Nf6 10. Ne2 h5 11. Bg5 Nd7 12. O-O Qc7 13. f4 f6 14. Bh4 Na5 15. Nc1 O-O-O 16. Nb3 Nc6 17.
d4 Ba6 18. d5 Ncb8 19. Nd2 Rdg8 20. g4 g5 21. fxg5 fxg5 22. Bf2 hxg4 23. Qxg4 Kb7 24.
Bg3 Rg7 25. Qe2 Ne5 26. Rf5 Nbd7 27. Rbf1 Qd8 28. R1f2 g4 29. Qe3 Kc7 30. Bxe5 Nxe5 31.
Rxe5 dxe5 32. Qg3 Qd6 33. Rf5 Bc8 34. Rxe5 Rf8 35. Nf1 Bd7 36. Ne3 Kc8 37. Nf5 Bxf5 38. exf5 Rgf7 39. Be4 Kb7 40. Re6 Qxg3+ 41. hxg3 Kc7 42.
Kf2 Kd7 43. Ke3 Rh7 44. f6 Rhf7 0-1

[Event "Late-Titled-Tuesday-Blitz-October-03-2023"]
[Site "Chess.com"]
[Date "2023.10.03"]
[Round "9"]
[White "Mikhail_Golubev"]
[Black "traack"]
[Result "1-0"]
[WhiteElo "2609"]
[BlackElo "2440"]
[TimeControl "180+1"]
[EndTime "15:40:53 PDT"]
[Termination "Mikhail_Golubev won on time"]

1. e4 c5 2. Nf3 e6 3. d4 cxd4 4.
Nxd4 Nc6 5. Nc3 Qc7 6. Be3 a6 7. a3 b5 8. Nxc6 Qxc6 9. Bd3 Bb7 10. O-O Rc8 11. a4 b4 12. Ne2 Qc7 13. a5 Nf6 14.
Bb6 Qb8 15. Ng3 h5 16. Re1 h4 17. Nf1 Bc5 18. h3 Qf4 19. Qe2 Nh5 20. Bxc5 Rxc5 21. Bxa6 Bxa6 22. Qxa6 Rxc2 23. Re2 b3 24. Rxc2 bxc2 25. Qa8+ Ke7 26. Qxh8 Ng3 27. fxg3 hxg3 28.
Qxg7 c1=Q 29. Rxc1 Qxc1 30. b4 Qe1 31. Qg5+ Ke8 32.
Qxg3 Qxb4 33. Qc7 Qd4+ 34. Kh2 Qd3 35. Ng3 Qa6 36. Qb6 Qa8 37. a6 Ke7 38. a7 1-0

[Event "Late-Titled-Tuesday-Blitz-October-03-2023"]
[Site "Chess.com"]
[Date "2023.10.03"]
[Round "9"]
[White "Mikhal867"]
[Black "ARTHURMOTIVATOR"]
[Result "1-0"]
[WhiteElo "2460"]
[BlackElo "2316"]
[TimeControl "180+1"]
[EndTime "15:40:53 PDT"]
[Termination "Mikhal867 won by resignation"]

1. d4 Nf6 2. c4 c5 3. d5 g6 4. Nc3 Bg7 5. e4 d6 6. Bd3 O-O 7. Nge2 e6 8. O-O a6 9. a4 exd5 10.
cxd5 Ng4 11. h3 Ne5 12. Bc2 f5 13. f4 Nf7 14. exf5 Bxf5 15. Bxf5 gxf5 16. Ng3 Bd4+ 17.
Kh1 Nh8 18. Qh5 Qf6 19. Nce2 Nd7 20. Nxd4 cxd4 21. b4 Rac8 22. Bb2 Rc2 23. Rab1 Ng6 24. Qd1 Rfc8 25. Bxd4 Qf7 26. Rb2 R2c4 27. Qd3 Nh4 28. Bf2 Rxf4 29. Ne2 Ne5 30. Qd1 Re4 31. Nd4 Qg6 32. Bxh4 Rxh4 33. Nxf5 Qg5 34. Nxh4 Qxh4 35.
Rc2 Re8 36. Qe1 Qh5 37. Qg3+ Kh8 38. Rcf2 Ng6 39. Qc3+ Kg8 40. Qf6 Qxd5 41. Qf3 Qe6 42. Qxb7 d5 43. Qf7+ Qxf7 44. Rxf7 d4 45. Rd7 Re4 46.
b5 axb5 47. axb5 Re5 48. Rb1 Re8 49. b6 1-0

[Event "Late-Titled-Tuesday-Blitz-October-03-2023"]
[Site "Chess.com"]
[Date "2023.10.03"]
[Round "9"]
[White "artin10862"]
[Black "aistrel"]
[Result "1-0"]
[WhiteElo "2817"]
[BlackElo "2552"]
[TimeControl "180+1"]
[EndTime "15:40:54 PDT"]
[Termination "artin10862 won on time"]

1. e4 c6 2. Nc3 d5 3. Qe2 d4 4. Nd1 e5 5. d3 c5 6. g3 Nc6 7. Bh3 Be7 8. Bxc8 Rxc8 9. a4 h5 10. Nf3 h4 11. O-O Qd7 12. Kg2 hxg3 13. fxg3 Qh3+ 14. Kg1 Nf6 15. Nf2 Qh5 16. Kg2 Nh7 17. Nxd4 Qxe2 18. Nxe2 Nd4 19. Nxd4 cxd4 20. c3 dxc3 21.
bxc3 Rxc3 22. Bb2 Rc5 23. Rfc1 Ng5 24. Rxc5 Bxc5 25. Rc1 Ne6 26. Bxe5 Rh5 27. Ng4 f5 28. exf5 Rxf5 29. Rc4 g6 30. d4 Bb6 31. Ne3 Rf7 32.
Nd5 Bd8 33. h4 Rd7 34. Nc3 Bb6 35. Ne4 Kf7 36. Nf6 Re7 37. Nd5 Rd7 38. Nxb6 axb6 39. Rb4 g5 40. h5 g4 41. Rxb6 Nxd4 42. Rf6+ 1-0

[Event "Late-Titled-Tuesday-Blitz-October-03-2023"]
[Site "Chess.com"]
[Date "2023.10.03"]
[Round "9"]
[White "RIPOL"]
[Black "Aswathchess"]
[Result "0-1"]
[WhiteElo "2439"]
[BlackElo "2606"]
[TimeControl "180+1"]
[EndTime "15:40:54 PDT"]
[Termination "Aswathchess won by resignation"]

1. d4 g6 2. e4 Bg7 3. Nc3 d6 4. Bg5 h6 5. Bh4 a6 6. f4 b5 7.
Nf3 Bb7 8. Bd3 c5 9. d5 Nd7 10. O-O b4 11. Na4 Nb6 12. c4 Nxa4 13. Qxa4+ Qd7 14. Qc2 Qg4 15. e5 Qxf4 16. Rae1 dxe5 17. Bxg6 fxg6 18. Qxg6+ Qf7 19. Nxe5 Qxg6 20. Nxg6 Bd4+ 21.
Kh1 Rh7 22. Nf8 Rf7 23. Ne6 Rxf1+ 24. Rxf1 Kd7 25. Nxd4 cxd4 26. Rd1 Rf8 27. Kg1 Rf4 28. Bf2 d3 29. b3 Nf6 30. Rxd3 Re4 31. Re3 Rxe3 32.
Bxe3 Bxd5 33. cxd5 Nxd5 34. Bxh6 Nc3 35. Bd2 Nxa2 36. h4 a5 37. g4 a4 38. bxa4 b3 0-1

[Event "Late-Titled-Tuesday-Blitz-October-03-2023"]
[Site "Chess.com"]
[Date "2023.10.03"]
[Round "9"]
[White "ETTrainer"]
[Black "jaskol95"]
[Result "1-0"]
[WhiteElo "2302"]
[BlackElo "2592"]
[TimeControl "180+1"]
[EndTime "15:40:54 PDT"]
[Termination "ETTrainer won by checkmate"]

1. e4 d5 2. exd5 Nf6 3. Nf3 Bg4 4. Be2 Nxd5 5. h3 Bh5 6. d4 e6 7. c4 Nf6 8. Nc3 Nbd7 9. Bg5 Be7 10. O-O h6 11. Bh4 O-O 12. Re1 c6 13. Ne5 Bxe2 14.
Qxe2 Nxe5 15. dxe5 Nd7 16. Bxe7 Qxe7 17. Rad1 Rad8 18.
Rd6 f6 19. f4 fxe5 20. fxe5 Qh4 21. Red1 Nc5 22. Qe3 b6 23. R1d4 Qe7 24. b4 Nb7 25.
Rxc6 Qxb4 26. Rxe6 Qc5 27. Nd5 Qa5 28. Re7 Nc5 29.
Rg4 Rf7 30. Rxf7 Kxf7 31. Qf3+ Kg8 32. Qf6 Rd7 33. Qe6+ Rf7 34. Qc8+ Rf8 35. Ne7+ Kf7 36. Rf4+ Kxe7 37. Qxf8+ Ke6 38. Qe8# 1-0

[Event "Late-Titled-Tuesday-Blitz-October-03-2023"]
[Site "Chess.com"]
[Date "2023.10.03"]
[Round "9"]
[White "Djager97"]
[Black "Cambek64"]
[Result "0-1"]
[WhiteElo "2540"]
[BlackElo "2462"]
[TimeControl "180+1"]
[EndTime "15:40:56 PDT"]
[Termination "Cambek64 won by resignation"]

1. e4 c5 2. Nf3 d6 3. d4 cxd4 4. Nxd4 Nf6 5. Nc3 a6 6. Bg5 h6 7. Bxf6 gxf6 8. Qh5 e6 9. O-O-O Qc7 10. f4 Qc5 11. f5 Nc6 12. Nb3 Qe5 13. Bd3 Qf4+ 14. Kb1 Qg5 15. Qe2 Be7 16. Nd2 Bd7 17. Nc4 Ne5 18. Nb6 Rd8 19. Nxd7 Rxd7 20. g3 O-O 21. h4 Qg7 22. g4 Rc8 23. Rdg1 Rxc3 24. bxc3 Rc7 25. Kb2 Kf8 26. Qe3 Ke8 27. Qa7 Kd7 28.
Ka1 Qh8 29. Rb1 Nc6 30. Qe3 Qg7 31. Rb6 Qxg4 32. Rhb1 Nd8 33. fxe6+ fxe6 34. Qxh6 Rxc3 35. h5 Rc5 36. Rxb7+ Nxb7 37. Rxb7+ Rc7 38. Rb1 d5 39. Qh8 Bc5 40. Bxa6 Bd4+ 41. c3 Bxc3+ 0-1

[Event "Late-Titled-Tuesday-Blitz-October-03-2023"]
[Site "Chess.com"]
[Date "2023.10.03"]
[Round "9"]
[White "leoduarte"]
[Black "nitpicker"]
[Result "1-0"]
[WhiteElo "2427"]
[BlackElo "2244"]
[TimeControl "180+1"]
[EndTime "15:40:56 PDT"]
[Termination "leoduarte won by resignation"]

1. d4 Nf6 2. Nf3 b6 3. Bf4 Bb7 4. e3 e6 5. h3 d6 6. Be2 Nbd7 7.
O-O Qe7 8. c4 g6 9. Nc3 Bg7 10.
b4 e5 11. Bh2 O-O 12. a3 Ne4 13. Nxe4 Bxe4 14. Nd2 Bb7 15. Bf3 e4 16. Be2 c5 17.
Nb3 Rad8 18. dxc5 dxc5 19. Bd6 Qe6 20. Bxf8 Bxa1 21. Qxa1 Rxf8 22. Rd1 Ne5 23. Qc3 Rc8 24. bxc5 bxc5 25. Nd2 Rd8 26. Rb1 Ba8 27. Rb5 Qd6 28. Nb3 Rc8 29. Qa5 Nd3 30. Qxa7 Qf6 31. Bxd3 exd3 32.
Rb8 Rd8 33. Qxa8 Rxb8 34. Qxb8+ Kg7 35. Qd6 Qe6 36. Qxd3 Qd6 37. Qxd6 h5 38. Qe5+ Kf8 39. Qxc5+ Kg8 40. Qd4 Kf8 41. a4 Ke7 42. a5 Ke6 43.
a6 Ke7 44. a7 Ke6 45. a8=Q Ke7 46. Qae4+ 1-0

[Event "Late-Titled-Tuesday-Blitz-October-03-2023"]
[Site "Chess.com"]
[Date "2023.10.03"]
[Round "9"]
[White "ural58"]
[Black "carlospaul1990"]
[Result "0-1"]
[WhiteElo "2515"]
[BlackElo "2370"]
[TimeControl "180+1"]
[EndTime "15:40:59 PDT"]
[Termination "carlospaul1990 won on time"]

1. e4 c5 2. b3 Nc6 3. Bb2 e5 4. f4 exf4 5. Qf3 Nd4 6. Bxd4 cxd4 7. Qxf4 d5 8. Nf3 dxe4 9. Qxe4+ Be7 10. Qxd4 Qxd4 11.
Nxd4 Bf6 12. c3 Bxd4 13. cxd4 Nf6 14. Nc3 O-O 15. O-O-O Be6 16. Bc4 Rfd8 17. Bxe6 fxe6 18. Rhe1 Kf7 19. Ne4 h6 20. Nxf6 gxf6 21. Re4 Rd5 22.
Rde1 Rc8+ 23. Kd1 Rc6 24. Rh4 Kg6 25. Re3 Rcd6 26. Rg3+ Rg5 27. Rgg4 f5 28. Rg3 h5 29.
Rxg5+ Kxg5 30. g3 Ra6 31. a4 Rb6 32. Kc2 Rc6+ 33. Kb2 Rd6 34. Kc3 Rc6+ 35. Kd3 Rb6 36. Kc4 Rc6+ 37. Kb5 Rc2 38. d5 Rxd2 39. dxe6 Re2 40. a5 Re5+ 41. Ka4 Rxe6 42. b4 Re4 43. Rxe4 fxe4 44. Kb3 Kg4 45. Kc2 Kf3 46. Kd2 Kf2 0-1

[Event "Late-Titled-Tuesday-Blitz-October-03-2023"]
[Site "Chess.com"]
[Date "2023.10.03"]
[Round "9"]
[White "Lion_DL"]
[Black "MalcolmPein"]
[Result "1-0"]
[WhiteElo "2483"]
[BlackElo "2299"]
[TimeControl "180+1"]
[EndTime "15:41:02 PDT"]
[Termination "Lion_DL won on time"]

1. e4 d6 2. d4 Nf6 3. Nc3 g6 4. Be3 c6 5. Bd3 Nbd7 6. h3 Qc7 7. Nf3 e5 8. Qd2 b5 9. a4 b4 10. Ne2 c5 11. dxc5 dxc5 12. b3 Bb7 13. Ng3 h5 14.
Bg5 Be7 15. Qe2 Nh7 16. Bxe7 Kxe7 17. O-O Nhf6 18. Qe3 h4 19. Ne2 Kf8 20. Ng5 Kg7 21. Bc4 Rh5 22. Rad1 Nb6 23. Bd3 c4 24. bxc4 Nxc4 25.
Qc1 Nd6 26. f4 Ndxe4 27. fxe5 Nxg5 28. exf6+ Kg8 29. Nf4 Qc5+ 30. Kh2 Qc7 31. Kh1 Rh6 32. Nxg6 Rxg6 33. Bxg6 fxg6 34. Qxg5 Qg3 35. f7+ Kg7 36. Qxg3 hxg3 37. Rd3 Rf8 38. Rxg3 Rxf7 39. Rxf7+ Kxf7 40. Rd3 Ke6 41. Rd4 a5 42. Rc4 Bd5 43. Rc5 b3 44. cxb3 Bxb3 45. Rxa5 g5 46. Kh2 1-0

[Event "Late-Titled-Tuesday-Blitz-October-03-2023"]
[Site "Chess.com"]
[Date "2023.10.03"]
[Round "9"]
[White "valemava"]
[Black "pedromartinez91"]
[Result "0-1"]
[WhiteElo "2321"]
[BlackElo "2570"]
[TimeControl "180+1"]
[EndTime "15:41:03 PDT"]
[Termination "pedromartinez91 won on time"]

1. Nf3 d5 2. c4 dxc4 3. e3 Nf6 4. Bxc4 g6 5. Ne5 e6 6. d4 Nbd7 7. f4 c5 8. O-O cxd4 9. exd4 Bg7 10. Nc3 Bf8 11.
Kh1 Bg7 12. b3 O-O 13. Ba3 Re8 14. Nb5 Bf8 15. Nd6 Bxd6 16. Bxd6 Nb6 17. Bc5 Nxc4 18.
bxc4 b6 19. Ba3 Bb7 20. Bb2 b5 21. d5 bxc4 22. d6 Rc8 23. d7 Nxd7 24. Qxd7 Qxd7 25. Nxd7 c3 26. Bc1 Red8 27. Ne5 f6 28. Ng4 Kf7 29. h3 Rd3 30. Kh2 Rc4 31. Nf2 Rd7 32. Kg3 Bd5 33.
Be3 Ra4 34. Rfc1 Rc7 35. a3 h6 36. h4 Rcc4 37. Nd1 c2 38. Nb2 Be4 39. Nxa4 Rxa4 40. Kf2 a6 41. g3 Ke7 42. Ke2 Kd6 43. Kd2 Kd5 44. Rxc2 Bxc2 45. Kxc2 Ke4 46. Kd2 Kf3 47. f5 exf5 48. Bxh6 Rg4 49. Bf4 g5 50. hxg5 fxg5 51. Bc7 Rc4 52. Bb8 Rc8 53. Be5 Re8 54. Rf1+ Kg4 55.
Bc7 Rc8 56. Be5 Rc5 57. Bb8 Rb5 0-1

[Event "Late-Titled-Tuesday-Blitz-October-03-2023"]
[Site "Chess.com"]
[Date "2023.10.03"]
[Round "9"]
[White "Deeper44"]
[Black "Qvalda"]
[Result "1-0"]
[WhiteElo "2545"]
[BlackElo "2372"]
[TimeControl "180+1"]
[EndTime "15:41:05 PDT"]
[Termination "Deeper44 won by checkmate"]

1. d4 e6 2. c4 Nf6 3. g3 Bb4+ 4. Bd2 Bxd2+ 5. Qxd2 d5 6. Bg2 O-O 7. Nf3 c6 8. O-O Nbd7 9. Qc2 Qe7 10. Nbd2 b6 11. e4 dxe4 12. Ng5 Bb7 13. Ndxe4 Nxe4 14. Nxe4 Nf6 15. Rfe1 Rfd8 16. Rad1 h6 17. c5 Nxe4 18. Bxe4 Qf6 19. Qc3 Rd7 20. Rd3 Rad8 21. Red1 Qg5 22. h4 Qg4 23. Bf3 Qf5 24. b4 a5 25. a3 axb4 26.
axb4 bxc5 27. bxc5 Ba6 28. Bxc6 Bxd3 29. Bxd7 Be2 30. Re1 Rxd7 31. Rxe2 Qd5 32. Rd2 Rc7 33. Qd3 Rc6 34. Qe3 g6 35. Qxh6 Qf3 36. Qe3 Qf5 37.
Re2 Kh7 38. Qe4 Qxe4 39. Rxe4 Kg7 40. g4 Kf6 41. g5+ Kf5 42. f3 Ra6 43. Kg2 Ra2+ 44. Kg3 Ra1 45. Rf4# 1-0

[Event "Late-Titled-Tuesday-Blitz-October-03-2023"]
[Site "Chess.com"]
[Date "2023.10.03"]
[Round "9"]
[White "SaqoChess_Twitch"]
[Black "Denis_Makhnyov"]
[Result "0-1"]
[WhiteElo "2662"]
[BlackElo "2948"]
[TimeControl "180+1"]
[EndTime "15:41:07 PDT"]
[Termination "Denis_Makhnyov won by checkmate"]

1. d4 d5 2. c4 e6 3. Nc3 c6 4.
e3 f5 5. Nf3 Bd6 6. Bd3 Nh6 7.
Ne5 O-O 8. O-O Nd7 9. f4 Nf6 10. c5 Be7 11. b4 Ne4 12. Nxe4 fxe4 13. Be2 Bd7 14. a4 a6 15. Bd2 Be8 16. Bh5 g6 17.
Bg4 Nf5 18. Bh3 h5 19. g4 hxg4 20. Qxg4 Kg7 21. Kh1 Rh8 22. Rg1 Rh6 23. Qg2 Bf7 24. Ng4 Nh4 25. Qg3 Rh5 26. Ne5 Qh8 27. Qg4 Rf8 28. Nxf7 Rxf7 29. Qxe6 Bf6 30. Rg3 Re7 31. Qg4 Qh6 32. Rag1 Kh7 33. Bc3 Nf3 34. R1g2 Rg7 35.
Qc8 Bh4 36. Rxg6 Rxg6 37. Bf5 Rxf5 38. Qxf5 Bf6 39. Qd7+ Bg7 40. Qf5 Nh4 41. Rxg6 Nxf5 42. Rxh6+ Kxh6 43. Bd2 Nh4 44. Kg1 Nf3+ 45. Kf2 Nxd2 46.
Ke2 Nc4 47. h3 Kh5 48. f5 Kh4 49. Kf2 Kxh3 50. b5 axb5 51. axb5 cxb5 52. c6 bxc6 53.
Ke2 b4 54. Kd1 b3 55. Kc1 Nxe3 56. Kb1 Nxf5 57. Kc1 Nxd4 58. Kb1 Kg3 59. Kc1 Kf3 60. Kb1 Ke2 61. Ka1 c5 62. Kb1 Kd3 63. Ka1 e3 64.
Kb1 Kc3 65. Kc1 e2 66. Kb1 e1=Q# 0-1

[Event "Late-Titled-Tuesday-Blitz-October-03-2023"]
[Site "Chess.com"]
[Date "2023.10.03"]
[Round "9"]
[White "esskeettit"]
[Black "Arteler"]
[Result "0-1"]
[WhiteElo "2464"]
[BlackElo "2618"]
[TimeControl "180+1"]
[EndTime "15:41:12 PDT"]
[Termination "Arteler won by resignation"]

1. d4 d5 2. c4 e6 3. Nc3 Nf6 4.
cxd5 exd5 5. Bg5 c6 6. e3 Bf5 7. Qf3 Bg6 8. Bxf6 Qxf6 9. Qxf6 gxf6 10. h4 Bd6 11. h5 Bf5 12. Be2 h6 13. g4 Bh7 14. f4 Be4 15. Nxe4 dxe4 16. Nh3 O-O 17. Nf2 Re8 18. O-O-O Nd7 19. Kb1 Nb6 20. Rdg1 Nd5 21. g5 fxg5 22. fxg5 Bf8 23. gxh6+ Kh7 24. Ng4 Bxh6 25.
Bc4 Re6 26. Bxd5 cxd5 27. Rh3 f5 28. Ne5 Rg8 29. Rc1 f4 30. exf4 Bxf4 31. Rc7+ Rg7 32.
Rxg7+ Kxg7 33. Ng4 e3 34. h6+ Kh7 35. Ne5 e2 36.
Rh1 Bxe5 37. dxe5 Rxe5 38. Re1 Kxh6 39. Kc2 Kg5 40. Kd2 Kf4 41. b3 Kf3 42. a3 Re3 43. b4 Rxa3 44. Rh1 Ra2+ 0-1

[Event "Late-Titled-Tuesday-Blitz-October-03-2023"]
[Site "Chess.com"]
[Date "2023.10.03"]
[Round "9"]
[White "djano"]
[Black "Grossboss19"]
[Result "1-0"]
[WhiteElo "2685"]
[BlackElo "2515"]
[TimeControl "180+1"]
[EndTime "15:41:14 PDT"]
[Termination "djano won by resignation"]

1. e4 c6 2. d4 d5 3. exd5 cxd5 4. Bd3 Nc6 5. c3 g6 6. Nf3 Bf5 7. O-O Bxd3 8. Qxd3 Bg7 9. Qb5 Qd7 10. Na3 a6 11. Qe2 e6 12. Nc2 Nge7 13. Nce1 O-O 14. Nd3 b6 15. h4 h5 16. g3 Nf5 17. Bf4 Nd6 18. Kg2 Ne4 19. Nfe5 Nxe5 20. Bxe5 f6 21. Bf4 g5 22. hxg5 fxg5 23. Be5 g4 24. Rh1 Rf5 25. Bf4 Raf8 26. Rh2 Qf7 27. Rah1 Qg6 28. Qe3 Bf6 29. a3 a5 30. Ne5 Bxe5 31.
dxe5 Rb8 32. c4 Nc5 33. b4 axb4 34. axb4 Na6 35. cxd5 exd5 36. Qd4 Nc7 37. Rc1 Ne6 38. Qxd5 Rd8 39. Qa2 Kh7 40. Rc4 Qf7 41. Qc2 Kg8 42.
Be3 Rxe5 43. Rc6 Qh7 44. Qc4 Qe4+ 45. Qxe4 Rxe4 46. Rxh5 b5 47. Rxb5 Nd4 48. Rg5+ Kf7 49. Rc4 Ne6 50. Rxe4 Nxg5 51. Bxg5 Rb8 52. Bf4 Rxb4 53.
Rxb4 1-0

[Event "Late-Titled-Tuesday-Blitz-October-03-2023"]
[Site "Chess.com"]
[Date "2023.10.03"]
[Round "9"]
[White "Eloist"]
[Black "YellowJacek"]
[Result "1/2-1/2"]
[WhiteElo "2420"]
[BlackElo "2304"]
[TimeControl "180+1"]
[EndTime "15:41:18 PDT"]
[Termination "Game drawn by stalemate"]

1. e4 e5 2. Nf3 Nf6 3. Nxe5 d6 4.
Nf3 Nxe4 5. Nc3 Nxc3 6. dxc3 Be7 7. Bd3 O-O 8. Be3 Nd7 9. Qd2 Nc5 10. O-O-O Nxd3+ 11.
Qxd3 Be6 12. Nd4 Qd7 13. f4 Bf6 14. Rde1 Bxd4 15. Qxd4 Rfe8 16. h3 Bf5 17. Bf2 d5 18.
Re5 Rxe5 19. fxe5 Be4 20. Re1 Qf5 21. g4 Qf3 22. Qe3 Qxe3+ 23. Bxe3 Re8 24. Bf4 c6 25. c4 Kf8 26. cxd5 Bxd5 27. b3 h6 28. c4 Be6 29.
Rd1 Ke7 30. Kc2 Rd8 31. Rd6 g5 32. Bg3 Rh8 33. Bf2 h5 34. Be3 f6 35. Rd2 hxg4 36. hxg4 fxe5 37. Bxg5+ Kf7 38. Rf2+ Kg6 39. Rf6+ Kxg5 40.
Rxe6 Kf4 41. g5 Rd8 42. g6 Kf5 43. Re7 Kxg6 44. Rxe5 Kf6 45. Rh5 Ke6 46. Rh7 Rd7 47. Rxd7 Kxd7 48. Kd3 Kd6 49. Kd4 Kc7 50. Ke5 Kd7 51.
b4 b6 52. c5 Ke7 53. cxb6 axb6 54. a4 c5 55. bxc5 bxc5 56. Kd5 Kd7 57. Kxc5 Kc7 58. Kb5 Kb7 59. a5 Ka8 60. a6 Kb8 61. Kb6 Ka8 62. a7 1/2-1/2

[Event "Late-Titled-Tuesday-Blitz-October-03-2023"]
[Site "Chess.com"]
[Date "2023.10.03"]
[Round "9"]
[White "Aleksandar-Topalov"]
[Black "azikom"]
[Result "0-1"]
[WhiteElo "2434"]
[BlackElo "2598"]
[TimeControl "180+1"]
[EndTime "15:41:19 PDT"]
[Termination "azikom won on time"]

1. b3 c5 2. Bb2 Nc6 3. Nf3 d6 4. d4 cxd4 5. Nxd4 Nf6 6. c4 e6 7. Nc3 Be7 8. g3 O-O 9. Bg2 Bd7 10. O-O Nxd4 11. Qxd4 Bc6 12. e4 a6 13. a4 Rc8 14. b4 Qc7 15. Rfc1 Qb8 16. b5 Bd7 17. Rab1 Qc7 18. Bf1 Rfd8 19. Ba3 Be8 20. bxa6 bxa6 21. Qb6 Nd7 22. Qxa6 Nc5 23. Bxc5 Qxc5 24. Qb6 Bf6 25.
Qxc5 dxc5 26. Nb5 Rd2 27. Rd1 Ra2 28. Nd6 Ra8 29. Nb7 Bd4 30. Bg2 Bxf2+ 31. Kh1 R2xa4 32. e5 R4a7 33. Nd8 Rc8 34. Bb7 Rb8 35. Bf3 Rxb1 36.
Rxb1 g5 37. Rb8 Ra1+ 38. Kg2 Bd4 39. Nxe6 fxe6 40. Rxe8+ Kf7 41. Rh8 Kg7 42. Re8 Ra2+ 43. Kh3 Bg1 0-1

[Event "Late-Titled-Tuesday-Blitz-October-03-2023"]
[Site "Chess.com"]
[Date "2023.10.03"]
[Round "9"]
[White "TheMagician"]
[Black "bazar-wokzal"]
[Result "1-0"]
[WhiteElo "2257"]
[BlackElo "2567"]
[TimeControl "180+1"]
[EndTime "15:41:19 PDT"]
[Termination "TheMagician won on time"]

1. d3 e5 2. c4 c6 3. Nf3 Qc7 4. Nc3 Nf6 5. Bg5 Be7 6. Rc1 O-O 7. g3 h6 8. Bxf6 Bxf6 9. Bg2 d6 10. O-O Be6 11. b4 Nd7 12. a4 a5 13. b5 Nc5 14.
Nd2 Rad8 15. Nde4 Nxe4 16. Bxe4 Qb6 17. Bg2 d5 18. cxd5 cxd5 19. Qc2 Qd6 20. e4 Bg5 21.
Rcd1 d4 22. Nd5 Bxd5 23. exd5 Rc8 24. Qe2 Rc3 25. h4 Bf6 26. Rc1 Rfc8 27. Ra1 g6 28.
Be4 Bg7 29. g4 Qf6 30. h5 gxh5 31. gxh5 Kh8 32. Qg4 Rg8 33. Kh1 Bf8 34. Qh3 Rc2 35. f3 Bb4 36. Rg1 Bd2 37. Rxg8+ Kxg8 38. Rg1+ Bg5 39.
Qf5 Qxf5 40. Bxf5 Kf8 41. d6 Ke8 42. Rxg5 hxg5 43. h6 Rc1+ 44. Kg2 Rc2+ 45. Kg3 Rc1 46. h7 Rh1 47. Bh3 1-0

[Event "Late-Titled-Tuesday-Blitz-October-03-2023"]
[Site "Chess.com"]
[Date "2023.10.03"]
[Round "9"]
[White "OYAcosta"]
[Black "Bodhanas"]
[Result "1-0"]
[WhiteElo "2189"]
[BlackElo "2131"]
[TimeControl "180+1"]
[EndTime "15:41:21 PDT"]
[Termination "OYAcosta won by checkmate"]

1. d4 Nf6 2. Bf4 g6 3. Nc3 Bg7 4. e4 d6 5. Qd2 Nbd7 6. O-O-O b6 7. h4 Bb7 8. f3 e5 9. Be3 Qe7 10. Bb5 O-O-O 11. Nge2 a6 12. Ba4 exd4 13. Nxd4 Ne5 14.
Qe2 b5 15. Bb3 c5 16. Ndxb5 axb5 17. Qxb5 Qd7 18. Qa5 Qc7 19. Qa7 Bc6 20. Qa3 Qb7 21. Ba4 Bxa4 22. Qxa4 Qb4 23. Qa7 Qb7 24. Qa5 Qc7 25.
Qb5 Qb7 26. Qa4 Qc6 27. Qa3 Nc4 28. Qa7 Nxe3 29. Rd3 Qb7 30. Qa5 Nxg2 31. Nb5 Nf4 32. Rxd6 Rd7 33. Rhd1 Rxd6 34. Nxd6+ Kb8 35. Nxb7 Kxb7 36.
Qxc5 Rc8 37. Qe7+ Rc7 38. Qe5 Ne6 39. f4 Nc5 40. Qd4 Nfxe4 41. Qd5+ Kc8 42. b4 Nb7 43.
Qxe4 Bc3 44. Qe8+ Nd8 45. Rxd8+ Kb7 46. Qb5+ Ka7 47. Qb8+ Ka6 48. Qxc7 Bxb4 49. Ra8+ Kb5 50. Rb8+ Ka4 51. Qa7+ Ba5 52. Qd4+ Ka3 53. Qb2+ Ka4 54. Qb3# 1-0